 Dungeon Crawl Stone Soup version 0.19.5 (webtiles) character file.

6048 galech the Basher (level 10, -3/106 HPs)
             Began as an Ogre Fighter on Mar 1, 2017.
             Was a Priest of Makhleb.
             Slain by a catoblepas (10 damage)
             ... on level 10 of the Dungeon.
             The game lasted 00:22:19 (10638 turns).

galech the Basher (Ogre Fighter)                   Turns: 10638, Time: 00:22:20

Health: -3/106     AC:  8    Str: 31    XL:     10   Next: 87%
Magic:  10/10      EV:  1    Int:  2    God:    Makhleb [***...]
Gold:   280        SH:  0    Dex: 13    Spells: 0 memorised, 9 levels left

rFire  + + .     SeeInvis .     o - +3 whip (venom)
rCold  . . .     Gourm    .     J - +2 robe {rC+ rF+}
rNeg   + + +     Faith    .     c - +1 shield
rPois  ∞         Spirit   .     S - +1 hat
rElec  .         Reflect  .     C - +1 cloak of Elyvilon's Envy {rPois rN+ Int-5 Dex+4}
rCorr  +         Harm     .     (gloves unavailable)
MR     +....                    (boots unavailable)
Stlth  ++........               (no amulet)
                                V - ring of resist corrosion
                                p - ring of fire

@: mighty, petrified
A: unfitting armour, tough skin 1
a: Minor Destruction, Lesser Servant of Makhleb, Renounce Religion


You were on level 10 of the Dungeon.
You worshipped Makhleb.
Makhleb was most pleased with you.
You were hungry.

You visited 2 branches of the dungeon, and saw 11 of its levels.
You also visited: Sewer.

You collected 574 gold pieces.
You spent 294 gold pieces at shops.

Inventory:

Hand Weapons
 a - a +0 flail
 o - a +3 whip of venom (weapon)
 z - a +0 giant spiked club
 I - a +1 mace of protection
 Q - a +0 giant spiked club
 R - a +0 great mace
Armour
 b - a +0 robe
 c - a +1 shield (worn)
 C - the +1 cloak of Elyvilon's Envy (worn) {rPois rN+ Int-5 Dex+4}
   (You bought it in a shop on level 4 of the Dungeon)

   It affects your intelligence (-5).
   It affects your dexterity (+4).
   It protects you from poison.
   It protects you from negative energy.
 J - a +2 robe of resistance (worn)
 K - a +0 large shield
 S - a +1 hat (worn)
Jewellery
 p - a ring of fire (left hand)
 s - an uncursed ring of magical power
 V - a ring of resist corrosion (right hand)
Wands
 u - a wand of flame (31/48)
 F - a wand of slowing (13/48)
 N - a wand of iceblast (12/15)
 P - a wand of disintegration (7/24)
 T - a wand of iceblast (4/15)
 U - a wand of flame (22/48)
Scrolls
 i - 3 scrolls of fog
 q - 2 scrolls of immolation
 r - a scroll of amnesia
 v - 3 scrolls of teleportation
 w - 2 scrolls of remove curse
 y - 2 scrolls of recharging
 E - a scroll of enchant armour
 L - a scroll of fear
Potions
 e - a potion of lignification
 g - a potion of cure mutation
 h - a potion of beneficial mutation
 k - 2 potions of curing
 l - a potion of resistance
 m - 3 potions of haste
 t - a potion of flight
 x - 2 potions of berserk rage
 B - 4 potions of heal wounds {unknown}
 D - 2 potions of brilliance {unknown}
 G - a potion of agility {unknown}
 H - 2 potions of magic {unknown}
 M - a potion of cancellation {unknown}
Comestibles
 f - 8 bread rations
 j - 8 fruits
 n - 2 beef jerkies
 A - a royal jelly
 O - 8 slices of pizza
 W - 2 meat rations
 X - 2 chunks of flesh


   Skills:
 + Level 8.7 Fighting
 + Level 11.5 Maces & Flails
 + Level 7.0 Dodging
 + Level 3.5 Stealth
 + Level 8.5 Shields


You had 9 spell levels left.
You didn't know any spells.

Dungeon Overview and Level Annotations

Branches:
Dungeon (10/15)            Temple (1/1) D:5            Lair (0/6) D:9
    Orc: D:9-12

Altars:
Ashenzari
Cheibriados
Dithmenos
Elyvilon
Fedhas
Gozag
Hepliaklqana
Kikubaaqudgha
Makhleb
Nemelex Xobeh
Okawaru
Qazlal
Ru
Sif Muna
Trog
Uskayaw
Vehumet
Xom
Yredelemnul
Zin
The Shining One

Shops:
D:4 ***   D:7 *   D:8 *


Innate Abilities, Weirdness & Mutations

You are too large for most types of armour.
You have tough skin. (AC +1)


Message History

The catoblepas gores you!!
You are engulfed in calcifying dust.
You are feeling hungry.
The yak gores you! The catoblepas gores you!
You are engulfed in calcifying dust.
The yak gores you. The catoblepas gores you!!
You are engulfed in calcifying dust.
The yak gores you! The catoblepas gores you. The yak gores you!
* * * LOW HITPOINT WARNING * * *
The yak gores you.
* * * LOW HITPOINT WARNING * * *
The catoblepas gores you!!
* * * LOW HITPOINT WARNING * * *
The yak gores you. The yak gores you. The catoblepas gores you!
* * * LOW HITPOINT WARNING * * *
The yak gores you.
* * * LOW HITPOINT WARNING * * *
The yak gores you but does no damage. The catoblepas gores you!!
You die...

....................#
# ##.................#
# #.................#
# #....>.........>..#
# #.................#
#
#....÷............####
#.##..................
# #..................
#.@............####
#YYY...........# #
#...##.........# #
#...##.........# #
#...##.........# # #
#...##..####...#
..###.##...##..# #...#
....?......##..# ..#
Y..........##..# .#


You could see a catoblepas and 2 yaks.

Vanquished Creatures
  A two-headed ogre (D:8)
  A hippogriff (D:7)
  3 yaks
  A human (D:8)
  Eustachio (D:5)
  3 orc warriors
  2 phantoms
  An eye of draining (D:9)
  7 ogres
  5 centaurs
  7 big kobolds
  Blork the orc (D:5)
  7 bullfrogs
  A wyvern skeleton (D:6)
  6 wights
  16 killer bees
  4 howler monkeys
  3 crimson imps
  A centaur zombie (D:7)
  7 hounds
  A gnoll shaman (D:8)
  3 orc priests
  2 iguanas
  3 jellies
  7 orc wizards
  A centaur skeleton (D:5)
  3 worker ants
  A worker ant zombie (D:6)
  A howler monkey skeleton (D:8)
  7 gnolls (D:8)
  9 adders
  2 river rats (D:9)
  6 oozes
  An adder zombie (D:9)
  An adder skeleton (D:7)
  7 worms
  3 dart slugs (D:1)
  6 leopard geckos
  28 orcs
  21 bats
  3 giant cockroaches
  10 goblins
  12 hobgoblins
  4 jackals (D:5)
  4 quokkas
  5 ball pythons
  6 frilled lizards
  16 kobolds
  17 rats
268 creatures vanquished.

Vanquished Creatures (others)
  4 fungi (D:9)
4 creatures vanquished.

Grand Total: 272 creatures vanquished

Notes
Turn   | Place    | Note
-------+----------+-------------------------------------------
     0 | D:1      | galech the Ogre Fighter began the quest for the Orb.
     0 | D:1      | Reached XP level 1. HP: 24/24 MP: 1/1
   153 | D:1      | Reached XP level 2. HP: 30/32 MP: 2/2
   392 | D:1      | Reached skill level 3 in Maces & Flails
   444 | D:1      | Reached XP level 3. HP: 24/40 MP: 3/3
  1250 | D:2      | Reached XP level 4. HP: 17/49 MP: 4/4
  2294 | D:3      | Reached XP level 5. HP: 53/55 MP: 5/5
  2550 | D:3      | Reached skill level 4 in Maces & Flails
  2651 | D:4      | Noticed an ogre
  2659 | D:4      | Killed an ogre
  2659 | D:4      | Reached XP level 6. HP: 40/65 MP: 6/6
  2908 | D:4      | Found Luciugur's Assorted Antiques.
  2920 | D:4      | Reached skill level 1 in Stealth
  3213 | D:4      | Bought a steaming cloak for 294 gold pieces
  3218 | D:4      | Identified the +1 cloak of Elyvilon's Envy {rPois rN+ Int-5 Dex+4} (You bought it in a shop on level 4 of the Dungeon)
  3365 | D:4      | Found Boeryax's Assorted Antiques.
  3380 | D:4      | Found Rycamnal's General Store.
  3532 | D:4      | Found an iron altar of Okawaru.
  3581 | D:5      | Entered Level 5 of the Dungeon
  3605 | D:5      | Reached skill level 5 in Fighting
  3787 | D:5      | Found a stormy altar of Qazlal.
  3907 | D:5      | Reached XP level 7. HP: 65/72 MP: 7/7
  3943 | D:5      | Found a glowing drain.
  3955 | Sewer    | Entered a sewer
  4064 | Sewer    | Reached skill level 5 in Maces & Flails
  4212 | Sewer    | Reached skill level 5 in Shields
  4354 | Sewer    | Reached XP level 8. HP: 70/83 MP: 8/8
  4489 | Sewer    | Reached skill level 6 in Maces & Flails
  4577 | D:5      | Found a sacrificial altar of Ru.
  4603 | D:5      | Noticed Eustachio
  4644 | D:5      | Killed Eustachio
  4644 | D:5      | Reached skill level 7 in Maces & Flails
  4798 | D:5      | Noticed Blork the orc
  4806 | D:5      | Killed Blork the orc
  4806 | D:5      | Reached skill level 5 in Dodging
  5015 | D:5      | Found a staircase to the Ecumenical Temple.
  5024 | Temple   | Entered the Ecumenical Temple
  5205 | Temple   | Became a worshipper of Makhleb the Destroyer
  5488 | D:6      | Reached skill level 8 in Maces & Flails
  5529 | D:6      | Reached XP level 9. HP: 92/92 MP: 9/9
  6491 | D:7      | Reached skill level 9 in Maces & Flails
  7183 | D:7      | Reached * piety under Makhleb
  7323 | D:7      | Reached skill level 10 in Maces & Flails
  7660 | D:7      | Found Bisojies's General Store.
  7806 | D:7      | Reached XP level 10. HP: 97/104 MP: 10/10
  8240 | D:8      | Found a hazy altar of Hepliaklqana.
  8268 | D:8      | Found Tomew's Island Escapes.
  8351 | D:8      | Reached ** piety under Makhleb
  9012 | D:9      | Reached skill level 11 in Maces & Flails
  9147 | D:9      | Found a glowing silver altar of Zin.
  9280 | D:9      | Reached *** piety under Makhleb
  9472 | D:9      | Found a staircase to the Lair.
 10179 | D:10     | Entered Level 10 of the Dungeon
 10578 | D:10     | Noticed a catoblepas
 10638 | D:10     | Slain by a catoblepas

Skill      XL: |  1  2  3  4  5  6  7  8  9 10 |
---------------+-------------------------------+-----
Shields        | 3 4 5 6 7 8 |  8.5
Maces & Flails | 3 4 5 8 10 11 | 11.5
Dodging        | 3 4 5 6 7 |  7.0
Stealth        | 1 2 3 |  3.5
Fighting       | 5 6 7 8 |  8.7

Action                   |  1- 3 |  4- 6 |  7- 9 | 10-12 || total
-------------------------+-------+-------+-------+-------++-------
Melee: Flail             |    56 |       |       |       ||    56
       Whip              |    89 |   182 |   468 |   388 ||  1127
  Use: Scroll            |     7 |     7 |     3 |     6 ||    23
       Potion            |     1 |       |       |     2 ||     3
 Stab: Distracted        |     1 |       |       |     1 ||     2
       Sleeping          |       |       |     3 |     5 ||     8
       Paralysed         |       |       |     1 |       ||     1
  Eat: Chunk             |     1 |     7 |     9 |     6 ||    23
       Bread ration      |       |     1 |       |     1 ||     2
Armor: Robe              |    54 |    25 |    42 |    58 ||   179
       Skin              |       |    14 |       |       ||    14
Dodge: Dodged            |    62 |    50 |   113 |    98 ||   323
Block: Shield            |    93 |   102 |   153 |   187 ||   535
